 Dungeon Crawl Stone Soup version 0.20.0-10-g0535bb4 (webtiles) character file.

1066 grindst0ne the Protected (level 8, -6/49 HPs)
             Began as a Gargoyle Fighter on June 6, 2017.
             Mangled by an ogre
             ... wielding a +0 giant spiked club
              (25 damage)
             ... on level 4 of the Dungeon.
             The game lasted 00:07:18 (3255 turns).

grindst0ne the Protected (Gargoyle Fighter)         Turns: 3255, Time: 00:07:19

Health: -6/49      AC: 19    Str: 20    XL:     8   Next: 28%
Magic:  8/8        EV:  4    Int:  9    God:
Gold:   150        SH:  9    Dex: 11    Spells: 7/7 levels left

rFire    + . .     SeeInvis .   a - +0 war axe
rCold    . . .     Gourm    .   c - +0 shield
rNeg     + . .     Faith    .   m - +0 plate armour
rPois    ∞         Spirit   .   (no helmet)
rElec    +         Reflect  .   (no cloak)
rCorr    .         Harm     .   (no gloves)
MR       .....                  (no boots)
Stlth    ..........             (no amulet)
Regen    0.2/turn               g - ring of protection from fire
MPRegen  0.2/turn               (no ring)

@: no status effects
A: negative energy resistance 1, electricity resistance, unbreathing,
petrification resistance, rot immunity, AC +5
a: no special abilities


You were on level 4 of the Dungeon.
You were not hungry.

You visited 1 branch of the dungeon, and saw 4 of its levels.

You collected 150 gold pieces.

Inventory:

Hand Weapons
 a - a +0 war axe (weapon)
Armour
 b - a +0 scale mail
 c - a +0 shield (worn)
 m - a +0 plate armour (worn)
Jewellery
 g - a ring of protection from fire (left hand)
 w - an uncursed ring of resist corrosion {unknown}
Scrolls
 e - a scroll of blinking {unknown}
 h - a scroll of fear {unknown}
 i - a scroll of remove curse {unknown}
 j - 3 scrolls of identify {unknown}
 k - a scroll of recharging {unknown}
 n - a scroll of enchant armour {unknown}
 q - a scroll of amnesia {unknown}
 r - a scroll of fog {unknown}
 u - a scroll of teleportation {unknown}
Potions
 d - a potion of haste
 o - 2 potions of mutation {unknown}
 p - a potion of berserk rage {unknown}
 v - a potion of brilliance {unknown}
Comestibles
 f - a bread ration
 l - 2 chunks of flesh
 s - a meat ration
 t - 4 fruits


   Skills:
 - Level 5.0 Fighting
 - Level 1.7 Axes
 + Level 10.1 Armour
 - Level 3.2 Shields


You had 7 spell levels left.
You didn't know any spells.

Dungeon Overview and Level Annotations

Branches:
Dungeon (4/15)
 Temple: D:4-7

Altars:
Elyvilon
Gozag
Nemelex Xobeh
Xom
The Shining One

Shops:
D:4 :


Innate Abilities, Weirdness & Mutations

You are resistant to torment.
Your stone body is resilient. (AC +5)
You are immune to poison.
You resist negative energy. (rN+)
You are resistant to electric shocks. (rElec)
You can survive without breathing.
You are immune to petrification.
You are immune to rotting.


Message History

An ogre comes into view. It is wielding a giant spiked club.
The ogre shouts!
The ogre hits you but does no damage.
You slash the ogre!
The ogre is moderately wounded.
The ogre hits you with a giant spiked club!
Your shield and plate armour prevent you from hitting the ogre.
The ogre is moderately wounded.
The ogre barely misses you.
You closely miss the ogre.
The ogre is moderately wounded.
You block the ogre's attack.
You slash the ogre!
The ogre is severely wounded.
The ogre hits you with a giant spiked club!!
You hit the ogre.
The ogre is severely wounded.
The ogre hits you with a giant spiked club!!
Ouch! That really hurt!
You die...

#.........#
#.
#.........#
#.
####'######
#+ #%.#
#†###
##.†.##
##...$.##
#.......#
##....@##
##..O##
###.# #..
###


You could see an ogre.

Vanquished Creatures
  Grinder (D:4)
  Sigmund (D:4)
  Duvessa (D:4)
  A centaur (D:4)
  Dowan (D:3)
  2 howler monkeys (D:4)
  2 vampire bats (D:4)
  2 hounds
  Natasha (twice) (D:4)
  2 worker ants
  A gnoll (D:3)
  6 adders
  2 worms (D:2)
  3 dart slugs (D:1)
  2 leopard geckos
  2 orcs (D:3)
  3 giant cockroaches
  9 goblins
  11 hobgoblins
  5 jackals
  A quokka (D:3)
  2 ball pythons
  13 bats
  2 frilled lizards
  4 kobolds
  7 rats
88 creatures vanquished.

Notes
Turn   | Place    | Note
-------+----------+-------------------------------------------
     0 | D:1      | grindst0ne the Gargoyle Fighter began the quest for the Orb.
     0 | D:1      | Reached XP level 1. HP: 14/14 MP: 1/1
   172 | D:1      | Reached XP level 2. HP: 20/20 MP: 2/2
   598 | D:2      | Reached XP level 3. HP: 12/24 MP: 3/3
  1097 | D:2      | Reached skill level 5 in Fighting
  1136 | D:2      | Reached XP level 4. HP: 31/31 MP: 4/4
  1222 | D:2      | Found an opulent altar of Gozag.
  1361 | D:2      | Found an opulent altar of Gozag.
  1436 | D:2      | Reached skill level 4 in Armour
  1872 | D:3      | Reached XP level 5. HP: 35/35 MP: 5/5
  2073 | D:3      | Reached skill level 5 in Armour
  2203 | D:3      | Found a shimmering altar of Xom.
  2205 | D:3      | Found a sparkling altar of Nemelex Xobeh.
  2205 | D:3      | Found a radiant altar of Vehumet.
  2214 | D:3      | Found a shimmering altar of Xom.
  2214 | D:3      | Found a white marble altar of Elyvilon.
  2214 | D:3      | Found a glowing golden altar of the Shining One.
  2291 | D:4      | Noticed Grinder
  2294 | D:4      | Paralysed by Grinder for 7 turns
  2305 | D:4      | Paralysed by Grinder for 6 turns
  2315 | D:4      | Killed Grinder
  2315 | D:4      | Reached skill level 7 in Armour
  2315 | D:4      | Reached XP level 6. HP: 21/40 MP: 6/6
  2494 | D:4      | Reached XP level 7. HP: 41/44 MP: 7/7
  2537 | D:4      | Noticed Sigmund
  2601 | D:4      | Killed Sigmund
  2601 | D:4      | Reached skill level 8 in Armour
  2612 | D:4      | Noticed Dowan
  2613 | D:4      | Noticed Duvessa
  2617 | D:4      | Noticed Natasha
  2631 | D:4      | Killed Duvessa
  2631 | D:4      | Reached skill level 9 in Armour
  2924 | D:3      | Killed Dowan
  2924 | D:3      | Reached XP level 8. HP: 36/49 MP: 8/8
  3015 | D:4      | Killed Natasha
  3127 | D:4      | Found Vahewuh's Book Shoppe.
  3206 | D:4      | Noticed Natasha
  3208 | D:4      | Killed Natasha
  3237 | D:4      | Reached skill level 10 in Armour
  3255 | D:4      | Mangled by an ogre

Skill      XL: |  1  2  3  4  5  6  7  8 |
---------------+-------------------------+-----
Fighting       | 4 5 |  5.0
Armour         | 4 7 9 10 | 10.1
Axes           | |  1.7
Shields        | |  3.2

Action                   |  1- 3 |  4- 6 |  7- 9 || total
-------------------------+-------+-------+-------++-------
Melee: War axe           |   111 |   173 |   152 ||   436
  Use: Potion            |       |     1 |     3 ||     4
  Eat: Chunk             |     1 |     4 |     1 ||     6
       Bread ration      |       |       |     1 ||     1
Armor: Scale mail        |    49 |       |       ||    49
       Plate armour      |    17 |   150 |   165 ||   332
Dodge: Dodged            |    43 |    27 |    32 ||   102
Block: Shield            |    86 |   111 |   102 ||   299
